BSA
ORLANDO CALRISSIAN @ BAFFIN ISLAND BEAVERS
05/04/2027
 
TOP OF THE 1ST
Orlando Calrissian batting - Pitching for Baffin Island Beavers : RHP Thierry Garneau
Pitching: RHP Thierry Garneau
Batting: LHB Juan Jose Pineda 0-0: Foul Ball, location: 2F
0-1: Foul Ball, location: 2F
0-2: Ball
1-2: Ball
2-2: Strikes out swinging
Batting: SHB Tim Abbott 0-0: Called Strike
0-1: Called Strike
0-2: Ball
1-2: Ball
2-2: Strikes out swinging
Batting: RHB Albert Chávez 0-0: Swinging Strike
0-1: Swinging Strike
0-2: Ground out 5-3 (Groundball, 5L)
Top of the 1st over - 0 run(s), 0 hit(s), 0 error(s), 0 left on base; Orlando 0 - Baffin Island 0
BOTTOM OF THE 1ST
Baffin Island Beavers batting - Pitching for Orlando Calrissian : RHP Reagan Wear
Pitching: RHP Reagan Wear
Batting: LHB Chris Bates 0-0: Swinging Strike
0-1: Ball
1-1: Called Strike
1-2: DOUBLE (Line Drive, 78D)
Batting: SHB Alonso Ferreira 0-0: Swinging Strike
0-1: Called Strike
0-2: Strikes out swinging
Batting: LHB Norberto Muñóz 0-0: Ball
1-0: Ball
Wild Pitch!
Chris Bates to third
2-0: Called Strike
2-1: TRIPLE (Flyball, 9D)
Chris Bates scores
Batting: LHB Lorenzo Villa 0-0: Called Strike
0-1: Foul Ball, location: 2F
0-2: Ball
1-2: SINGLE (Line Drive, 6D)
Norberto Muñóz scores
Batting: RHB Dave Craig 0-0: Ball
1-0: Ball
2-0: Called Strike
2-1: Foul Ball, location: 2F
2-2: Foul Ball, location: 2F
2-2: Foul Ball, location: 2F
2-2: Ball
3-2: Fly out, F8 (Line Drive, 8RM)
Batting: LHB José Román 0-0: Ground out U3 (Groundball, 3L)
Bottom of the 1st over - 2 run(s), 3 hit(s), 0 error(s), 1 left on base; Orlando 0 - Baffin Island 2
TOP OF THE 2ND
Orlando Calrissian batting - Pitching for Baffin Island Beavers : RHP Thierry Garneau
Batting: RHB Rich Anderson 0-0: Ball
1-0: Ball
2-0: Called Strike
2-1: Fly out, F7 (Flyball, 78S)
Batting: LHB Juan Colón 0-0: Called Strike
0-1: Ball
1-1: Foul Ball, location: 2F
1-2: Strikes out swinging
Batting: RHB Frederico Hernández 0-0: Ball
1-0: Foul Ball, location: 2F
1-1: Ground out 6-3 (Groundball, 6MS)
Top of the 2nd over - 0 run(s), 0 hit(s), 0 error(s), 0 left on base; Orlando 0 - Baffin Island 2
BOTTOM OF THE 2ND
Baffin Island Beavers batting - Pitching for Orlando Calrissian : RHP Reagan Wear
Batting: LHB Keng-chi Lao 0-0: Ball
1-0: Foul Ball, location: 2F
1-1: Fly out, F8 (Flyball, 8RM)
Batting: RHB Raúl Soto 0-0: Ground out 1-3 (Groundball, P)
Batting: RHB Murdoch Norton 0-0: Foul Ball, location: 2F
0-1: Ball
1-1: Fly out, F9 (Flyball, 89S)
Bottom of the 2nd over - 0 run(s), 0 hit(s), 0 error(s), 0 left on base; Orlando 0 - Baffin Island 2
TOP OF THE 3RD
Orlando Calrissian batting - Pitching for Baffin Island Beavers : RHP Thierry Garneau
Batting: RHB Raúl Canó 0-0: Called Strike
0-1: Foul Ball, location: 2F
0-2: Foul Ball, location: 2F
0-2: Strikes out swinging
Batting: RHB Enrique Bermúdez 0-0: Called Strike
0-1: Swinging Strike
0-2: Ball
1-2: Ball
2-2: Strikes out looking
Batting: SHB Brian Price 0-0: Called Strike
0-1: Swinging Strike
0-2: Ball
1-2: Foul Ball, location: 2F
1-2: Strikes out swinging
Top of the 3rd over - 0 run(s), 0 hit(s), 0 error(s), 0 left on base; Orlando 0 - Baffin Island 2
BOTTOM OF THE 3RD
Baffin Island Beavers batting - Pitching for Orlando Calrissian : RHP Reagan Wear
Batting: LHB Chris Bates 0-0: Called Strike
0-1: Called Strike
0-2: Fly out, F9 (Flyball, 9S)
Batting: SHB Alonso Ferreira 0-0: Called Strike
0-1: Ball
1-1: Ball
2-1: SINGLE (Groundball, 6D)
Batting: LHB Norberto Muñóz 0-0: Called Strike
0-1: Ball
1-1: SINGLE (Line Drive, 3L)
Alonso Ferreira to second
Batting: LHB Lorenzo Villa 0-0: Foul Ball, location: 2F
0-1: Fly out, F1 (Line Drive, 13)
Batting: RHB Dave Craig 0-0: Foul Ball, location: 2F
0-1: Called Strike
0-2: Ball
1-2: Ball
Wild Pitch!
Alonso Ferreira to third
Norberto Muñóz to second
2-2: Ball
3-2: Ground out U3 (Groundball, 34)
Bottom of the 3rd over - 0 run(s), 2 hit(s), 0 error(s), 2 left on base; Orlando 0 - Baffin Island 2
TOP OF THE 4TH
Orlando Calrissian batting - Pitching for Baffin Island Beavers : RHP Thierry Garneau
Batting: LHB Juan Jose Pineda 0-0: Swinging Strike
0-1: Foul Ball, location: 2F
0-2: Foul Ball, location: 2F
0-2: Ball
1-2: Fly out, F4 (Line Drive, 4)
Batting: SHB Tim Abbott 0-0: Ball
1-0: Called Strike
1-1: Ball
2-1: SINGLE (Groundball, 4MD)
Batting: RHB Albert Chávez 0-0: Ball
1-0: Called Strike
1-1: Ball
2-1: Fly out, F9 (Flyball, 9)
Batting: RHB Rich Anderson 0-0: Ball
1-0: Ground out 1-3 (Groundball, P)
Top of the 4th over - 0 run(s), 1 hit(s), 0 error(s), 1 left on base; Orlando 0 - Baffin Island 2
BOTTOM OF THE 4TH
Baffin Island Beavers batting - Pitching for Orlando Calrissian : RHP Reagan Wear
Batting: LHB José Román 0-0: Ball
1-0: Ball
2-0: Called Strike
2-1: Called Strike
2-2: Strikes out swinging
Batting: LHB Keng-chi Lao 0-0: Called Strike
0-1: Ground out U3 (Groundball, 34)
Batting: RHB Raúl Soto 0-0: Ball
1-0: Foul Ball, location: 2F
1-1: SINGLE (Groundball, 56D)
Batting: RHB Murdoch Norton 0-0: Ball
1-0: Called Strike
1-1: Ball
2-1: Fielders Choice at 2nd, 6-4 (Groundball, 6)
Bottom of the 4th over - 0 run(s), 1 hit(s), 0 error(s), 0 left on base; Orlando 0 - Baffin Island 2
TOP OF THE 5TH
Orlando Calrissian batting - Pitching for Baffin Island Beavers : RHP Thierry Garneau
Batting: LHB Juan Colón 0-0: Ball
1-0: Foul Ball, location: 2F
1-1: Foul Ball, location: 2F
1-2: Foul Ball, location: 2F
1-2: Foul Ball, location: 2F
1-2: Ball
2-2: Fly out, F7 (Flyball, 78M)
Batting: RHB Frederico Hernández 0-0: Ground out 1-3 (Groundball, P)
Batting: RHB Raúl Canó 0-0: Foul Ball, location: 2F
0-1: Ground out 6-3 (Groundball, 6)
Top of the 5th over - 0 run(s), 0 hit(s), 0 error(s), 0 left on base; Orlando 0 - Baffin Island 2
BOTTOM OF THE 5TH
Baffin Island Beavers batting - Pitching for Orlando Calrissian : RHP Reagan Wear
Batting: LHB Chris Bates 0-0: Swinging Strike
0-1: Called Strike
0-2: Ball
1-2: Foul Ball, location: 2F
1-2: Hit by Pitch
Pinch Runner at 1st Javier Orozco:
Batting: SHB Alonso Ferreira 0-0: Ball
1-0: Ball
2-0: Ball
3-0: Called Strike
3-1: Called Strike
3-2: Foul Ball, location: 2F
3-2: Base on Balls
Javier Orozco to second
Batting: LHB Norberto Muñóz 0-0: Ball
1-0: Foul Ball, location: 2F
1-1: Ball
2-1: Ball
3-1: Called Strike
3-2: SINGLE (Line Drive, 78M)
Javier Orozco to third
Alonso Ferreira to second
Batting: LHB Lorenzo Villa 0-0: Ball
1-0: Ball
2-0: Fly out, F7 (Flyball, 7LM)
Runner from 3rd tags up, SCORES, no throw
Batting: RHB Dave Craig 0-0: Called Strike
0-1: Swinging Strike
0-2: Foul Ball, location: 2F
0-2: Ball
1-2: Strikes out swinging
Batting: LHB José Román 0-0: Swinging Strike
0-1: Called Strike
0-2: Ball
1-2: Strikes out swinging
Bottom of the 5th over - 1 run(s), 1 hit(s), 0 error(s), 2 left on base; Orlando 0 - Baffin Island 3
TOP OF THE 6TH
Orlando Calrissian batting - Pitching for Baffin Island Beavers : RHP Thierry Garneau
Batting: RHB Enrique Bermúdez 0-0: Ball
1-0: Ground out 1-3 (Groundball, 13S)
Batting: SHB Brian Price 0-0: Ground out 6-3 (Groundball, 6M)
Batting: LHB Juan Jose Pineda 0-0: Called Strike
0-1: Fly out, F6 (Line Drive, 6)
Top of the 6th over - 0 run(s), 0 hit(s), 0 error(s), 0 left on base; Orlando 0 - Baffin Island 3
BOTTOM OF THE 6TH
Baffin Island Beavers batting - Pitching for Orlando Calrissian : RHP Reagan Wear
Batting: LHB Keng-chi Lao 0-0: Ground out 5-3 (Groundball, 56)
Batting: RHB Raúl Soto 0-0: Ball
1-0: Called Strike
1-1: Foul Ball, location: 2F
1-2: Foul Ball, location: 2F
1-2: Ball
2-2: Ball
3-2: Fly out, F7 (Flyball, 78M)
Batting: RHB Murdoch Norton 0-0: Fly out, F7 (Flyball, 7S)
Bottom of the 6th over - 0 run(s), 0 hit(s), 0 error(s), 0 left on base; Orlando 0 - Baffin Island 3
TOP OF THE 7TH
Orlando Calrissian batting - Pitching for Baffin Island Beavers : RHP Thierry Garneau
Batting: SHB Tim Abbott 0-0: Ball
1-0: Called Strike
1-1: Fly out, F7 (Flyball, 7S)
Batting: RHB Albert Chávez 0-0: Ground out 4-3 (Groundball, 4MD)
Batting: RHB Rich Anderson 0-0: Ball
1-0: Swinging Strike
1-1: DOUBLE (Line Drive, 78D)
Batting: LHB Juan Colón 0-0: Called Strike
0-1: DOUBLE (Flyball, 78D)
Rich Anderson scores
Batting: RHB Frederico Hernández 0-0: Foul Ball, location: 2F
0-1: Called Strike
0-2: Ball
1-2: Ball
2-2: Ground out 6-3 (Groundball, 56)
Top of the 7th over - 1 run(s), 2 hit(s), 0 error(s), 1 left on base; Orlando 1 - Baffin Island 3
BOTTOM OF THE 7TH
Baffin Island Beavers batting - Pitching for Orlando Calrissian : RHP Reagan Wear
Batting: LHB Javier Orozco 0-0: Fly out, F8 (Flyball, 8RXD)
Batting: SHB Alonso Ferreira 0-0: Called Strike
0-1: Foul Ball, location: 2F
0-2: Fly out, F8 (Flyball, 8LM)
Batting: LHB Norberto Muñóz 0-0: Ball
1-0: Ball
2-0: Called Strike
2-1: Fly out, F9 (Flyball, 9LMF)
Bottom of the 7th over - 0 run(s), 0 hit(s), 0 error(s), 0 left on base; Orlando 1 - Baffin Island 3
TOP OF THE 8TH
Orlando Calrissian batting - Pitching for Baffin Island Beavers : RHP Thierry Garneau
Batting: RHB Raúl Canó 0-0: Ground out U3 (Groundball, 3)
Batting: RHB Enrique Bermúdez 0-0: Called Strike
0-1: Ball
1-1: Ball
2-1: Foul Ball, location: 2F
2-2: Foul Ball, location: 2F
2-2: Reached on error, E9 (Flyball, 89M)
Batting: SHB Brian Price 0-0: Called Strike
0-1: Ball
1-1: Foul Ball, location: 2F
1-2: SINGLE (Flyball, 6MD)
Enrique Bermúdez to second
Runner from 2nd tries for 3rd, SAFE, no throw
Pitching: LHP Cecil Bonekamp
Batting: LHB Juan Jose Pineda 0-0: Foul Ball, location: 2F
0-1: Ball
1-1: Ball
2-1: Foul Ball, location: 2F
2-2: Fly out, F7 (Line Drive, 7S)
Runner from 3rd tags up, SCORES, no throw
Batting: SHB Tim Abbott 0-0: Ball
1-0: Fly out, F3 (Popup, 3S)
Top of the 8th over - 1 run(s), 1 hit(s), 1 error(s), 1 left on base; Orlando 2 - Baffin Island 3
BOTTOM OF THE 8TH
Baffin Island Beavers batting - Pitching for Orlando Calrissian : RHP Reagan Wear
Pitching: RHP Ramón Soto
Batting: LHB Lorenzo Villa 0-0: Ball
1-0: Ball
2-0: Ball
3-0: Called Strike
3-1: SINGLE (Line Drive, 34D)
Batting: RHB Dave Craig 0-0: Called Strike
0-1: Fly out, F9 (Flyball, 9LS)
Batting: LHB José Román 0-0: Grounds into double play, 4-6-3 (Groundball, 34)
Bottom of the 8th over - 0 run(s), 1 hit(s), 0 error(s), 0 left on base; Orlando 2 - Baffin Island 3
TOP OF THE 9TH
Orlando Calrissian batting - Pitching for Baffin Island Beavers : LHP Cecil Bonekamp
Pitching: LHP Edgardo Guzmán
Batting: RHB Albert Chávez 0-0: Called Strike
0-1: Foul Ball, location: 2F
0-2: Ball
1-2: Foul Ball, location: 2F
1-2: Ball
2-2: Strikes out swinging
Batting: RHB Rich Anderson 0-0: Called Strike
0-1: Ball
1-1: Swinging Strike
1-2: Fly out, F9 (Flyball, 89M)
Batting: LHB Juan Colón 0-0: Called Strike
0-1: Ball
1-1: Ball
2-1: Swinging Strike
2-2: Strikes out swinging
Top of the 9th over - 0 run(s), 0 hit(s), 0 error(s), 0 left on base; Orlando 2 - Baffin Island 3
Thursday, March 30th, 2017 - OOTP Baseball 17.12 Build 75